 Dungeon Crawl Stone Soup version 0.21.1-1-g345015f (webtiles) character file.

28 4thArraOfDagon the Grave Robber (level 2, -1/22 HPs)
             Began as a Deep Dwarf Necromancer on June 8, 2018.
             Killed from afar by protoss039's ghost (20 damage)
             ... with an orb of energy
             ... on level 6 of the Dungeon.
             The game lasted 00:02:41 (424 turns).

4thArraOfDagon the Grave Robber (DDNe)               Turns: 424, Time: 00:02:42

Health: -1/22      AC:  2    Str: 11    XL:     2   Next: 96%
Magic:  5/5        EV: 12    Int: 15    God:
Gold:   41         SH:  0    Dex: 13    Spells: 4/5 levels left

rFire    . . .     SeeInvis .   n - +0 war axe
rCold    . . .     Gourm    .   (no shield)
rNeg     . . .     Faith    .   a - +0 robe
rPois    .         Spirit   .   (no helmet)
rElec    .         Reflect  .   (no cloak)
rCorr    .         Harm     .   (no gloves)
MR       .....                  (no boots)
Stlth    ++........             (no amulet)
HPRegen  0.00/turn              (no ring)
MPRegen  0.09/turn              (no ring)

@: non-regenerating
A: damage resistance, heal wounds, sense surroundings 1, no regeneration
a: Heal Wounds


You were on level 6 of the Dungeon.
You were not hungry.

You visited 1 branch of the dungeon, and saw 6 of its levels.

You collected 41 gold pieces.

Inventory:

Hand Weapons
 m - a +0 dire flail
 n - a +0 war axe (weapon)
Armour
 a - a +0 robe (worn)
 p - a +0 ring mail
Wands
 e - a wand of flame (15)
Scrolls
 d - a scroll of remove curse {unknown}
 g - a scroll of enchant weapon {unknown}
 h - a scroll of random uselessness {unknown}
 i - a scroll of noise {unknown}
 k - a scroll of identify {unknown}
 o - a scroll of magic mapping {unknown}
Potions
 f - a potion of curing {unknown}
 j - a potion of might {unknown}
 l - a potion of lignification {unknown}
Books
 b - a book of Necromancy

   Spells                             Type                      Level
   a - Pain                           Necromancy                   1
   b - Animate Skeleton               Necromancy                   1
   c - Vampiric Draining              Necromancy                   3
   d - Regeneration                   Charms/Necromancy            3
   e - Animate Dead                   Necromancy                   4
   f - Borgnjor's Vile Clutch         Necromancy/Earth             5
Comestibles
 c - 3 rations


   Skills:
 * Level 0.0 Axes
 - Level 2.1 Dodging
 - Level 2.4 Stealth
 + Level 2.2 Spellcasting
 * Level 5.1 Necromancy


You had 4 spell levels left.
You knew the following spells:

 Your Spells              Type           Power        Failure   Level  Hunger
a - Pain                  Necr           ###.         2%          1    #......


Dungeon Overview and Level Annotations

Branches:
Dungeon (5/15)
 Temple: D:4-7

Altars:

Annotations:
D:6 protoss039's ghost, novice DECj


Innate Abilities, Weirdness & Mutations

You are resistant to damage.
You can heal yourself by infusing magical energy.
You passively map a small area around you.
You do not regenerate.


Message History

There is a shaft here.
You fall through a shaft for 2 floors!
The shaft crumbles and collapses.
Unknown command.
Unknown command.
Found a ration.
Found a ring mail.
Found a stone staircase leading down.
Unknown command.
Autopickup is now on.
c - 3 rations (gained 1) Protoss039's ghost (novice Deep Elf Conjurer) comes into view.
Protoss039's ghost turns its malevolent gaze towards you.
Protoss039's ghost shrieks, "Death is your only future!"
You see here a ring mail.
Unknown command.
p - a ring mail Protoss039's ghost gestures at you while chanting.
The orb of energy hits you!
Ouch! That really hurt!
You die...

#.......... , ,
#.......... ...,,,
, .. #..........
.... , ...
#........, ..... ,
....#...... .... *
....W....####+#..#
, ,
.................#
,
..#####..........#
, *#..@......>+ ,
+*#.........## *,
,#.........# , ,
#.........# , +
#.....#+### , ,* ,
#.....# *,, ,
,#.....#, ,
#.....# * * *
,#.....# ,


You could see protoss039's ghost.

Vanquished Creatures
  An adder (D:3)
  A leopard gecko (D:3)
  An orc (D:4)
  A bat (D:3)
  3 kobolds
  2 quokkas (D:3)
  2 frilled lizards
  2 goblins (D:1)
  A quokka skeleton (D:4)
  3 rats
17 creatures vanquished.

Notes
Turn   | Place    | Note
-------+----------+-------------------------------------------
     0 | D:1      | 4thArraOfDagon the Deep Dwarf Necromancer began the quest for the Orb.
     0 | D:1      | Reached XP level 1. HP: 15/15 MP: 3/3
   165 | D:3      | Reached XP level 2. HP: 20/22 MP: 1/5
   191 | D:3      | Found a faded altar of an unknown god.
   257 | D:3      | Reached skill level 5 in Necromancy
   361 | D:5      | Entered Level 5 of the Dungeon
   408 | D:4      | You fall through a shaft for 2 floors!
   421 | D:6      | Noticed protoss039's ghost (novice DECj)
   424 | D:6      | Killed from afar by protoss039's ghost

Skill      XL: |  1  2 |
---------------+-------+-----
Spellcasting   | 2 |  2.2
Necromancy     | 5 |  5.1
Dodging        | |  2.1
Stealth        | |  2.4

Action                   || total
-------------------------++-------
Melee: Unarmed           ||    37
       Dire flail        ||     2
 Cast: Pain              ||    26
  Use: Potion            ||     1
 Stab: Sleeping          ||     1
Armor: Robe              ||     9
Dodge: Dodged            ||    52
